 Dungeon Crawl Stone Soup version 0.30.0-5-g1a98f26d00 (webtiles) character file.

Game seed: 6966784846189480416

125 jimonade the Cutter (level 4, 0/36 HPs)
             Began as a Demonspawn Monk on May 10, 2023.
             Killed from afar by an orc wizard (5 damage)
             ... with a magic dart
             ... on level 3 of the Dungeon.
             The game lasted 00:03:37 (2242 turns).

jimonade the Cutter (Demonspawn Monk)               Turns: 2242, Time: 00:03:38

Health: 0/36       AC: 12    Str: 14    XL:     4   Next: 82%
Magic:  4/4        EV: 12    Int: 11    God:
Gold:   159        SH:  0    Dex: 21    Spells: 3/3 levels left

rFire   . . .        a - +0 short sword
rCold   . . .        d - orb {light}
rNeg    . . .        y - +0 ring mail
rPois   .            (no helmet)
rElec   .            (no cloak)
rCorr   .            e - +0 pair of gloves
SInv    .            (no boots)
Will    .....        (no amulet)
Stlth   +            k - +6 ring of dexterity
HPRegen 0.26/turn    (no ring)
MPRegen 0.09/turn

%: no passive effects
@: sanguine armoured, glowing
A: sanguine armour 1
a: no special abilities


You were on level 3 of the Dungeon.
You visited 1 branch of the dungeon, and saw 3 of its levels.

You collected 159 gold pieces.

Inventory:

Hand Weapons
 a - a +0 short sword (weapon)
 j - a +0 hand axe
 x - a +0 short sword
 A - the +5 flail of Joyful Slaughter {pain, *Corrode rC++ Str+3}
   (You found it on level 3 of the Dungeon)

   Str:       It affects your strength (+3).
   rC:        It greatly protects you from cold.
   *Corrode:  It may corrode you when you take damage.
Missiles
 n - 16 stones
 z - 6 poisoned darts (quivered)
Armour
 b - a +0 robe
 d - an orb of light (worn)
 e - a +0 pair of gloves (worn)
 m - a +0 tower shield
 p - a +0 buckler
 y - a +0 ring mail (worn)
Jewellery
 k - a +6 ring of dexterity (left hand)
Scrolls
 g - 2 scrolls of identify {unknown}
 h - 3 scrolls of fog {unknown}
 o - a scroll of brand weapon {unknown}
 s - 2 scrolls of vulnerability {unknown}
 t - a scroll of teleportation {unknown}
 v - a scroll of enchant weapon {unknown}
Potions
 c - a potion of ambrosia
 f - 2 potions of brilliance {unknown}
 i - a potion of haste {unknown}
 l - a potion of cancellation {unknown}
 q - a potion of magic {unknown}
 r - a potion of curing {unknown}
 u - a potion of mutation {unknown}
 w - a potion of heal wounds {unknown}


   Skills:
 + Level 3.6 Fighting
 + Level 3.8 Short Blades
 + Level 3.4 Dodging
 * Level 1.2 Shields


You had 3 spell levels left.
You didn't know any spells.
Your spell library was empty.

Dungeon Overview and Level Annotations

Branches:
Dungeon (3/15)

Altars:


Innate Abilities, Weirdness & Mutations

When seriously injured, your blood forms armour. (AC +6)


Message History

You hit the orc.
You kill the orc!
You hit the orc wizard.
The orc wizard is lightly wounded.
The orc wizard casts a spell at you. The magic dart hits you!
You hit the orc wizard.
The orc wizard is moderately wounded.
The orc wizard closely misses you.
You hit the orc wizard.
The orc wizard is moderately wounded.
The orc wizard gestures at you while chanting.
You resist with some effort.
You hit the orc wizard.
The orc wizard is heavily wounded.
You hit the orc wizard but do no damage.
The orc wizard is heavily wounded.
The orc wizard barely misses you.
You barely miss the orc wizard.
The orc wizard is heavily wounded.
The orc wizard points at you and mumbles some strange words.
The puff of flame hits you!
* * * LOW HITPOINT WARNING * * *
You hit the orc wizard but do no damage.
The orc wizard is moderately wounded.
The orc wizard hits you but does no damage.
You hit the orc wizard.
The orc wizard is severely wounded.
The orc wizard mumbles some strange words.
The orc wizard flickers and vanishes for a moment.
You hit the orc wizard.
The orc wizard is almost dead.
You barely miss the orc wizard.
The orc wizard is almost dead.
The orc wizard misses you.
You hit the orc wizard but do no damage.
The orc wizard is almost dead.
The orc wizard points at you and mumbles some strange words.
The magic dart hits you.
You die...

#..........#.....###
......^....#...#.####
>..........#..##.....
##...........<####### .
#####..###.#.# # ..
##.....#.# ### ...##
####....## #..
.?...########
#.#...####.#
#.....go@..###.##....##.#
###....##................
####.#..##≈#.##<.....##
#o).###≈≈. #......##
#..## #≈.###.##.#...
#.### # .##≈≈≈#..##.
###.).# #......≈≈≈.###
#...#.# ...######≈≈..#
#..###.##..##~≈.#..≈~.#


You could see an orc wizard (invisible) and a goblin.

Vanquished Creatures
  An orc priest (D:3)
  2 adders
  2 dart slugs
  2 worms (D:2)
  3 orcs (D:3)
  5 bats
  9 endoplasms
  A giant cockroach (D:3)
  3 goblins
  6 hobgoblins
  3 jackals (D:1)
  3 kobolds
  A quokka (D:2)
  9 ball pythons
  5 frilled lizards
  6 rats
61 creatures vanquished.

Notes
Turn   | Place    | Note
-------+----------+-------------------------------------------
     0 | D:1      | jimonade the Demonspawn Monk began the quest for the Orb.
     0 | D:1      | Reached XP level 1. HP: 18/18 MP: 1/1
   390 | D:1      | Gained mutation: When seriously injured, your blood forms
                  | armour. (AC +6) [demonic ancestry]
   390 | D:1      | Reached XP level 2. HP: 22/24 MP: 2/2
   813 | D:1      | Found a faded altar of an unknown god.
  1108 | D:1      | Reached XP level 3. HP: 12/29 MP: 3/3
  1541 | D:2      | Reached XP level 4. HP: 35/35 MP: 4/4
  1985 | D:3      | Reached skill level 1 in Shields
  2167 | D:3      | Identified the +5 flail of Joyful Slaughter {pain, *Corrode
                  | rC++ Str+3}
  2242 | D:3      | Killed from afar by an orc wizard

Illustrated notes

Levels and vault maps discovered:
D:1:      dpeg_arrival_pond, layout_basic, nicolae_ecumenical_lake_church,
          minmay_hedge_maze
D:2:      layout_rooms
D:3:      layout_rooms, dreamdust_mushroom_princess,
          chequers_serial_rivers_small_b

Skill      XL: |  1  2  3  4 |
---------------+-------------+-----
Dodging        | 3 |  3.4
Short Blades   | 3 |  3.8
Shields        | 1 |  1.2
Fighting       | |  3.6

Action                     |  1- 3 |  4- 6 || total
---------------------------+-------+-------++-------
  Melee: Short sword       |   162 |    83 ||   245
 Armour: Robe              |    32 |     5 ||    37
         Ring mail         |       |    14 ||    14
  Dodge: Dodged            |    84 |    41 ||   125
